 Dungeon Crawl Stone Soup version 0.21.1-1-g345015fe64 (webtiles) character file.

232 Ivernyr the Charmwright (level 6, -1/44 HPs)
             Began as a Human Skald on June 7, 2018.
             Slain by an orc wizard
             ... wielding a +0 dagger
              (2 damage)
             ... on level 4 of the Dungeon.
             The game lasted 00:11:24 (4407 turns).

Ivernyr the Charmwright (Human Skald)               Turns: 4407, Time: 00:11:25

Health: -1/44      AC:  5    Str: 11    XL:     6   Next: 25%
Magic:  3/9        EV: 12    Int: 14    God:
Gold:   80         SH:  0    Dex: 14    Spells: 4/9 levels left

rFire    . . .     SeeInvis .   a - +0 long sword
rCold    . . .     Gourm    .   (no shield)
rNeg     . . .     Faith    .   b - +0 ring mail (curse)
rPois    .         Spirit   .   (no helmet)
rElec    .         Reflect  .   (no cloak)
rCorr    .         Harm     .   (no gloves)
MR       .....                  (no boots)
Stlth    +.........             o - amulet of rage
HPRegen  0.14/turn              l - +1 ring of evasion
MPRegen  0.11/turn              (no ring)

@: no status effects
A: no striking features
a: Evoke Berserk Rage


You were on level 4 of the Dungeon.
You were not hungry.

You visited 1 branch of the dungeon, and saw 4 of its levels.

You collected 80 gold pieces.

Inventory:

Hand Weapons
 a - a +0 long sword (weapon)
Missiles
 h - 190 stones (quivered)
 n - 7 poisoned needles
Armour
 b - a cursed +0 ring mail (worn)
 i - a +0 buckler
Jewellery
 l - a +1 ring of evasion (left hand)
 o - an amulet of rage (around neck)
Scrolls
 e - 2 scrolls of noise {unknown}
 f - 3 scrolls of amnesia {unknown}
 g - 3 scrolls of teleportation {unknown}
 k - a scroll of magic mapping {unknown}
 m - 3 scrolls of identify {unknown}
 p - a scroll of enchant armour {unknown}
Potions
 j - a potion of haste {unknown}
 r - a potion of curing {unknown}
Books
 c - a book of Battle

   Spells                             Type                      Level
   a - Infusion                       Charms                       1
   b - Shroud of Golubria             Charms/Translocation         2
   c - Song of Slaying                Charms                       2
   d - Spectral Weapon                Hexes/Charms                 3
   e - Regeneration                   Charms/Necromancy            3
Comestibles
 d - 6 rations
 q - 2 chunks of flesh


   Skills:
 - Level 2.0 Fighting
 - Level 2.0 Long Blades
 * Level 3.3 Throwing
 - Level 1.5 Armour
 - Level 2.0 Dodging
 + Level 1.8 Shields
 - Level 2.0 Spellcasting
 * Level 4.7 Charms


You had 4 spell levels left.
You knew the following spells:

 Your Spells              Type           Power        Failure   Level  Hunger
a - Shroud of Golubria    Chrm/Tloc      #.........   32%         2    ###....
b - Song of Slaying       Chrm           ##......     12%         2    ###....
c - Infusion              Chrm           ##..         9%          1    ##.....


Dungeon Overview and Level Annotations

Branches:
Dungeon (4/15)
 Temple: D:4-7

Altars:
Fedhas
Kikubaaqudgha
Qazlal

Shops:
D:4 *


Message History

A puff of flame appears from out of thin air!
The puff of flame hits you!
You slash something! Something hits you.
* * * LOW HITPOINT WARNING * * *
Your shroud falls apart!
You hit something but do no damage.
Something hits you but does no damage. x2
An orc wizard comes into view. It is wielding a dagger.
You closely miss something.
The orc wizard shouts!
You hear a shout!
Something hits you.
* * * LOW HITPOINT WARNING * * *
You closely miss something.
An orc wizard appears from thin air!
Reactivating autopickup.
The orc wizard gestures at you while chanting.
The magic dart hits you!
* * * LOW HITPOINT WARNING * * *
You barely miss the orc wizard.
The orc wizard is severely wounded.
The orc wizard hits you with a dagger.
You die...

...###%...........##
#..?.......##.......#
##..................#
#.............#.....
###...........# ..$
......#.....## .
######..##.oo## ###
##..#.ooo### #.#
##...###@.# #.##
##>## ##....... #..#
#.## ..###..
#..####.# .##
#####......# .#
#..##.####.# ##
#...## ### #...#
##.##


You could see 2 orc wizards and 3 orcs.

Vanquished Creatures
  The ghost of zorgos the Skirmisher, an amateur HuFi (D:3)
  A worker ant (D:4)
  A gnoll (D:1)
  5 adders
  An ooze (D:3)
  2 worms
  A dart slug (D:1)
  3 orcs (D:3)
  A ball python (D:4)
  3 giant cockroaches
  8 hobgoblins
  4 jackals (D:1)
  2 kobolds (D:1)
  A quokka (D:3)
  9 bats
  4 frilled lizards
  3 goblins
  A quokka zombie (D:4)
  10 rats
61 creatures vanquished.

Notes
Turn   | Place    | Note
-------+----------+-------------------------------------------
     0 | D:1      | Ivernyr the Human Skald began the quest for the Orb.
     0 | D:1      | Reached XP level 1. HP: 16/16 MP: 3/3
   378 | D:1      | Reached XP level 2. HP: 17/22 MP: 5/5
   483 | D:1      | Reached skill level 1 in Throwing
   620 | D:1      | Learned a level 2 spell: Song of Slaying
   623 | D:1      | Learned a level 2 spell: Shroud of Golubria
   733 | D:1      | Reached XP level 3. HP: 26/27 MP: 6/6
  1631 | D:2      | Reached XP level 4. HP: 29/33 MP: 4/7
  2424 | D:2      | Noticed a water elemental
  2426 | D:2      | Found a stormy altar of Qazlal.
  2427 | D:2      | Noticed a fire elemental
  2427 | D:2      | Noticed an air elemental
  2427 | D:2      | Noticed an earth elemental
  2831 | D:3      | Noticed zorgos's ghost (amateur HuFi)
  3239 | D:3      | Killed zorgos's ghost
  3239 | D:3      | Reached skill level 1 in Shields
  3239 | D:3      | Reached skill level 4 in Charms
  3239 | D:3      | Reached XP level 5. HP: 33/38 MP: 5/8
  3667 | D:3      | Found an ancient bone altar of Kikubaaqudgha.
  3668 | D:3      | Found a blossoming altar of Fedhas.
  4163 | D:4      | Reached XP level 6. HP: 39/44 MP: 9/9
  4288 | D:4      | Found Necuar's Serpentskin Sales.
  4406 | D:4      | HP: 1/44 [orc wizard/magic dart (7)]
  4407 | D:4      | Slain by an orc wizard

Skill      XL: |  1  2  3  4  5 |
---------------+----------------+-----
Throwing       | 1 2 3 |  3.3
Shields        | 1 |  1.8
Charms         | 4 |  4.7
Fighting       | |  2.0
Long Blades    | |  2.0
Armour         | |  1.5
Dodging        | |  2.0
Spellcasting   | |  2.0

Action                   |  1- 3 |  4- 6 || total
-------------------------+-------+-------++-------
Melee: Falchion          |    79 |   113 ||   192
       Long sword        |       |    33 ||    33
Throw: Stone             |    20 |    24 ||    44
 Cast: Infusion          |     1 |       ||     1
       Shroud of Golubri |     2 |    17 ||    19
       Song of Slaying   |       |     1 ||     1
 Abil: Evoke Berserk Rag |       |     1 ||     1
  Eat: Chunk             |     2 |     8 ||    10
       Ration            |       |     1 ||     1
Armor: Leather armour    |    26 |    12 ||    38
       Ring mail         |       |    30 ||    30
Dodge: Dodged            |    74 |   105 ||   179
       Rpst.: Falchion   |    20 |    32 ||    52
       Long sword        |       |     3 ||     3
